 Dungeon Crawl Stone Soup version 0.28-a0-1382-g92835e5c71 (webtiles) character file.

Game seed: 7289978522120858736

4 bande the Covered (level 1, -1/14 HPs)
             Began as a Gargoyle Fighter on Jan 2, 2022.
             Slain by a jackal (2 damage)
             ... on level 1 of the Dungeon.
             The game lasted 00:00:44 (347 turns).

bande the Covered (Gargoyle Fighter)                 Turns: 347, Time: 00:00:45

Health: -1/14      AC:  9    Str: 19    XL:     1   Next: 60%
Magic:  1/1        EV:  9    Int:  8    God:
Gold:   13         SH:  4    Dex:  9    Spells: 0/0 levels left

rFire   . . .      SeeInvis .   a - +0 war axe
rCold   . . .      Faith    .   c - +0 buckler
rNeg    + . .      Spirit   .   b - +0 scale mail
rPois   ∞          Reflect  .   (no helmet)
rElec   +          Harm     .   (no cloak)
rCorr   .          Rampage  .   (no gloves)
Will    .....                   (no boots)
Stlth   ..........              (no amulet)
HPRegen 0.04/turn               (no ring)
MPRegen 0.07/turn               (no ring)

@: no status effects
A: sickness immunity, AC +2, negative energy resistance 1, electricity
resistance, torment resistance 1, petrification resistance
a: no special abilities


You were on level 1 of the Dungeon.
You visited 1 branch of the dungeon, and saw 1 of its levels.

You collected 13 gold pieces.

Inventory:

Hand Weapons
 a - a +0 war axe (weapon)
Armour
 b - a +0 scale mail (worn)
 c - a +0 buckler (worn)
Jewellery
 e - a ring of flight
Potions
 d - 2 potions of might
 f - a potion of berserk rage {unknown}


   Skills:
 + Level 3.3 Fighting
 + Level 1.7 Axes
 + Level 3.4 Armour
 + Level 3.4 Shields


You couldn't memorise any spells.
You didn't know any spells.
Your spell library contained the following spells:

 Spells                   Type           Power      Damage    Failure   Level
 Shock                    Conj/Air       0%         1d3       80%         1
 Frozen Ramparts          Ice            0%         1d2       99%         3
 Swiftness                Air            0%         N/A       99%         3
 Airstrike                Air            0%         N/A       100%        4
 Ice Form                 Ice/Tmut       0%         N/A       100%        4
 Summon Ice Beast         Ice/Summ       0%         N/A       100%        4


Dungeon Overview and Level Annotations

Branches:
Dungeon (1/15)

Altars:


Innate Abilities, Weirdness & Mutations

You are immune to sickness and miasma.
Your stone body is resilient. (AC +2)
You are immune to poison.
You resist negative energy. (rN+)
You are resistant to electric shocks. (rElec)
You are resistant to unholy torment.
You are immune to petrification.


Message History

* * * LOW HITPOINT WARNING * * *
The jackal barely misses you.
You hit the jackal but do no damage. You hit the jackal.
The jackal bites you but does no damage.
The jackal completely misses you.
The jackal bites you but does no damage. x2
You barely miss the jackal. x2
The jackal bites you but does no damage. x4
You hit the jackal.
The jackal is moderately wounded.
The jackal bites you.
* * * LOW HITPOINT WARNING * * *
The jackal bites you but does no damage.
The jackal bites you.
* * * LOW HITPOINT WARNING * * *
The jackal closely misses you.
You closely miss the jackal.
The jackal is moderately wounded.
You closely miss the jackal. You block the jackal's attack. x2
The jackal barely misses you.
The jackal bites you but does no damage.
You closely miss the jackal.
The jackal is moderately wounded.
You hit the jackal. The jackal completely misses you.
The jackal closely misses you. You block the jackal's attack. x2
The jackal barely misses you.
You closely miss the jackal.
The jackal is moderately wounded.
You barely miss the jackal.
The jackal bites you but does no damage.
The jackal closely misses you. The jackal bites you.
* * * LOW HITPOINT WARNING * * *
The jackal bites you but does no damage.
You block the jackal's attack.
You barely miss the jackal.
The jackal is almost dead.
You closely miss the jackal.
The jackal bites you but does no damage.
The jackal bites you.
You die...

...........≈......##.# ###+###.#
####..............##.# #........
..................##.# #........
##........##...##.##.# #........
##.............##.##.###......###
................................
.......#...............#.####.##
##.....#.......#.h##.#.........##
##.#...##.###...@h...............
.........................#.......
...............##.##.#.###.##..##
.................................
................#......###.## ###
....#................#.....#
....#..#...................#
....#........#..#.##.#.....####
....#......#.#..#.##.#........#


You could see 2 jackals.

Vanquished Creatures
  An endoplasm (D:1)
  A hobgoblin (D:1)
  A frilled lizard (D:1)
  A kobold (D:1)
4 creatures vanquished.

Notes
Turn   | Place    | Note
-------+----------+-------------------------------------------
     0 | D:1      | bande the Gargoyle Fighter began the quest for the Orb.
     0 | D:1      | Reached XP level 1. HP: 14/14 MP: 1/1
   347 | D:1      | Slain by a jackal

Illustrated notes

Levels and vault maps discovered:
D:1:      onia_arrival_pentagram, layout_basic

Action                   || total
-------------------------++-------
Melee: War axe           ||    23
  Use: Scroll            ||     1
Armor: Scale mail        ||    19
Dodge: Dodged            ||    17
Block: Buckler           ||     7

Table legend: (Time is in decaauts)
 A = Elapsed time spent in this place.
 B = Non-inter-level travel time spent in this place.
 C = Inter-level travel time spent in this place.
 D = Time resting spent in this place.
 E = Time spent auto-exploring this place.
 F = Levels seen in this place.
 G = Mean time per level.
                   A        B        C        D        E       F      G
               +--------+--------+--------+--------+--------+-----+--------+
         Total |    357 |    357 |      0 |    191 |     78 |   1 |  357.0 |
       Dungeon |    357 |    357 |      0 |    191 |     78 |   1 |  357.0 |
               +--------+--------+--------+--------+--------+-----+--------+

Top non-repeatable levels by time:
     D:1: 357 daAuts
